 Dungeon Crawl Stone Soup version 0.24.0-13-gcf9b3192b9 (webtiles) character file.

Game seed: 1393864248850884206, levelgen mode: deterministic

35 Aviak the Insei (level 3, -3/21 HPs)
             Began as a Tengu Transmuter on Nov 10, 2019.
             Slain by an adder (5 damage)
             ... on level 2 of the Dungeon.
             The game lasted 00:01:40 (1480 turns).

Aviak the Insei (Tengu Transmuter)                  Turns: 1480, Time: 00:01:41

Health: -3/21      AC:  2    Str: 12    XL:     3   Next: 33%
Magic:  7/7        EV: 13    Int: 18    God:
Gold:   53         SH:  0    Dex: 15    Spells: 5/6 levels left

rFire    + . .     SeeInvis .   g - -2 mace (curse)
rCold    . . .     Gourm    .   (no shield)
rNeg     . . .     Faith    .   b - +0 robe
rPois    .         Spirit   .   (helmet restricted)
rElec    .         Reflect  .   (no cloak)
rCorr    .         Harm     .   (no gloves)
MR       .....                  (boots unavailable)
Stlth    +.........             (no amulet)
HPRegen  0.07/turn              (no ring)
MPRegen  0.10/turn              (no ring)

@: brilliant, lethally poisoned (-3 -> -6), appendage (expiring)
A: beak, horns 2, talons 3, fire resistance 1, strong 1
a: End Transformation


You were on level 2 of the Dungeon.
You were not hungry.
You had grown temporary horns.
You visited 1 branch of the dungeon, and saw 2 of its levels.

You collected 53 gold pieces.

Inventory:

Hand Weapons
 e - a +0 dagger
 g - a cursed -2 mace (weapon)
Missiles
 a - 29 arrows
Armour
 b - a +0 robe (worn)
Scrolls
 f - a scroll of remove curse {unknown}
 h - 2 scrolls of identify {unknown}
Comestibles
 d - a ration


   Skills:
 + Level 2.2 Fighting
 + Level 0.0 Maces & Flails
 + Level 3.2 Dodging
 - Level 3.2 Unarmed Combat
 - Level 2.0 Spellcasting
 - Level 1.5 Transmutations


You had 5 spell levels left.
You knew the following spells:

 Your Spells              Type           Power        Failure   Level  Hunger
a - Beastly Appendage     Tmut           ###...       1%          1    #......

Your spell library contained the following spells:

 Spells                   Type           Power        Failure   Level  Hunger
 Sticks to Snakes         Tmut           ###.....     1%          2    ###....
 Spider Form              Tmut/Pois      ###.......   4%          3    ###....
 Ice Form                 Ice/Tmut       ###.....     14%         4    #####..
 Blade Hands              Tmut           ###.......   26%         5    ######.


Dungeon Overview and Level Annotations

Branches:
Dungeon (2/15)

Altars:


Innate Abilities, Weirdness & Mutations

You have a beak for a mouth.
You have claws for feet.
You have a pair of horns on your head.
Your flesh is heat resistant. (rF+)
Your muscles are strong. (Str +2)


Message History

You feel clever all of a sudden.
You feel sick. The adder misses you. The adder barely misses you.
Found a stone staircase leading up.
* * * LOW HITPOINT WARNING * * *
You feel sick.
Found 6 gold pieces.
You hit the adder but do no damage. Your kick misses the adder.
* * * LOW HITPOINT WARNING * * *
You feel sick. The adder bites you.
* * * LOW HITPOINT WARNING * * *
The adder closely misses you.
You hit the adder.
The adder is moderately wounded.
The adder closely misses you. The adder misses you.
Unknown command.
You completely miss the adder. You claw the adder.
The adder is almost dead.
* * * LOW HITPOINT WARNING * * *
You feel sick. The adder barely misses you. The adder bites you.
You die...

....# #...# #...#
##<..# ##....#
###.....####
...........+
....$..@w..#
##########S..#
####.......##w..##..
...........w[........
...........#......###
.$.........#.........
...........#......##.
...........#......#
..........w#......#


You could see a worm, an adder and a dart slug.

Vanquished Creatures
  A dart slug (D:1)
  4 bats (D:1)
  3 giant cockroaches (D:1)
  2 goblins (D:1)
  4 hobgoblins (D:1)
  4 jackals (D:1)
  4 frilled lizards (D:1)
  5 kobolds (D:1)
  4 rats (D:1)
31 creatures vanquished.

Notes
Turn   | Place    | Note
-------+----------+-------------------------------------------
     0 | D:1      | Aviak the Tengu Transmuter began the quest for the Orb.
     0 | D:1      | Reached XP level 1. HP: 12/12 MP: 4/4
    85 | D:1      | Reached XP level 2. HP: 13/16 MP: 6/6
   951 | D:1      | Reached XP level 3. HP: 20/21 MP: 7/7
  1473 | D:2      | Gained mutation: Your muscles are strong. (Str +2) [potion
                  | of mutation]
  1473 | D:2      | Gained mutation: Your flesh is heat resistant. (rF+)
                  | [potion of mutation]
  1480 | D:2      | Slain by an adder

Levels and vault maps discovered:
D:1:      dpeg_arrival_erosion, layout_loops_ring, minmay_misc_feat_plants,
          minmay_crystal_room
D:2:      layout_basic, marbit_many_paths, bloody_makhleb

Skill      XL: |  1  2 |
---------------+-------+-----
Dodging        | 3 |  3.2
Fighting       | 2 |  2.2
Unarmed Combat | |  3.2
Spellcasting   | |  2.0
Transmutations | |  1.5

Action                   || total
-------------------------++-------
Melee: Unarmed           ||    13
       Peck              ||    13
       Headbutt          ||     5
       Kick              ||    17
       Punch             ||     2
       Dagger            ||    74
       Mace              ||     4
 Cast: Beastly Appendage ||     8
  Use: Potion            ||     3
 Stab: Sleeping          ||     1
  Eat: Chunk             ||     2
Armor: Robe              ||    19
Dodge: Dodged            ||    77
